cohdb
Replays
Latest Replays
All Replays
Popular Replays
Top Player Replays
Match Explorer
How It Works
Community
CoH3 Stats
Reddit
Sign in to upload your games and track your stats! →
Sign in with Steam
Match 45269707
Unlisted
Match 45269707
Overview
Messages
Build Orders
End
Construct Infanterie Kompanie
Pioneer Squad
Grenadier Squad
Grenadier Squad
Grenadier Squad
Infanterie Officer Quarters
Construct Panzergrenadier Kompanie
Selects Breakthrough Battlegroup
Selects Rapid Production
Selects Assault Grenadiers
251 Medium Carrier
251 Medium Carrier
Selects Breakthrough
Selects Smoke Bombing Run
Pak 40 Anti-tank Gun Team
Selects Smoke Bombing Run
Selects Incendiary Bombing Run
Construct Panzer Kompanie
Stoßtruppen Squad
Incendiary Bombing Run
Panzer IV Medium Tank
Panzer IV Medium Tank
Antonslayer
P0ort13
shadow 2 [FOXES]
mugirara
GruZ
Zero Ambition
0
0
Comments
sign in to comment!
No comments posted yet!